 Dungeon Crawl Stone Soup version 0.20.1-1-g8b1a95d (webtiles) character file.

165005 equalderp2856 the Severer (level 17, -21/151 HPs)
             Began as a Minotaur Fighter on Oct 1, 2017.
             Collided with a redback (27 damage)
             ... caused by Bai Suzhen
             ... on level 3 of the Spider Nest.
             The game lasted 02:04:31 (51733 turns).

equalderp2856 the Severer (Minotaur Fighter)       Turns: 51733, Time: 02:04:32

Health: -21/151    AC:  3    Str: 30    XL:     17   Next: 27%
Magic:  0/27       EV: 10    Int: 11    God:
Gold:   2755       SH:  0    Dex: 12    Spells: 26/31 levels left

rFire    . . .     SeeInvis .   C - +0 broad axe
rCold    . . .     Gourm    .   c - +0 shield
rNeg     . . .     Faith    .   t - +3 plate armour {rPois}
rPois    +         Spirit   +   E - +1 hat {Int+3}
rElec    .         Reflect  .   O - +0 cloak
rCorr    .         Harm     .   l - +2 pair of gloves {Str+3}
MR       +....                  D - +0 pair of boots
Stlth    ..........             L - amulet of guardian spirit
Regen    0.4/turn               M - +4 ring of strength
MPRegen  0.2/turn               (no ring)

@: confused, corroded, very slow
A: retaliatory headbutt, horns 2
a: no special abilities


You were on level 3 of the Spider Nest.
You were near starving.

You visited 4 branches of the dungeon, and saw 26 of its levels.
You also visited: Sewer and Ice Cave.

You collected 2955 gold pieces.
You spent 200 gold pieces at shops.

Inventory:

Hand Weapons
 m - a +4 battleaxe of chopping
 C - a +0 broad axe (weapon)
 X - a +1 hand axe of freezing
Armour
 c - a +0 shield (worn)
 g - a +2 plate armour of poison resistance
 l - a +2 pair of gloves of strength (worn)
 t - a +3 plate armour of poison resistance (worn)
 D - a +0 pair of boots (worn)
 E - a +1 hat of intelligence (worn)
 O - a +0 cloak (worn)
Magical Staves
 Z - an uncursed staff of wizardry
Jewellery
 b - an uncursed amulet of magic regeneration
 j - an uncursed ring of wizardry
 p - an uncursed ring of positive energy
 L - an amulet of guardian spirit (around neck)
 M - a +4 ring of strength (left hand)
 S - a +4 ring of slaying
 W - an uncursed amulet of the gourmand
Wands
 a - a wand of acid (1/15)
 k - a wand of polymorph (16/24)
 B - a wand of confusion (37/48)
 J - a wand of polymorph (8/24)
 R - a wand of clouds (0/9)
 Y - a wand of clouds (0/9)
Scrolls
 i - 2 scrolls of teleportation
 n - 2 scrolls of fog
 v - 6 scrolls of remove curse
 A - 4 scrolls of magic mapping
 G - 3 scrolls of blinking
 N - a scroll of recharging
 T - 2 scrolls of fear
Potions
 d - 3 potions of might
 e - 5 potions of lignification
 h - 4 potions of flight
 o - 5 potions of magic {unknown}
 q - 6 potions of heal wounds
 r - 6 potions of curing
 s - 2 potions of degeneration {unknown}
 u - 2 potions of berserk rage
 w - a potion of experience {unknown}
 x - 3 potions of resistance
 z - a potion of ambrosia {unknown}
 F - 3 potions of agility
 H - 2 potions of mutation {unknown}
 I - 2 potions of brilliance {unknown}
 K - a potion of haste {unknown}
 P - 2 potions of cancellation {unknown}
Books
 y - a book of Unlife

   Spells                             Type                      Level
   a - Recall                         Summoning/Translocation      3
   b - Animate Dead                   Necromancy                   4
   c - Control Undead                 Necromancy                   4
   d - Cigotuvi's Embrace             Necromancy                   5
   e - Death Channel                  Necromancy                   6
   f - Simulacrum                     Ice/Necromancy               6
 Q - a book of Ice

   Spells                             Type                      Level
   a - Ice Form                       Ice/Transmutation            4
   b - Metabolic Englaciation         Hexes/Ice                    5
   c - Ozocubu's Refrigeration        Ice                          6
   d - Bolt of Cold                   Conjuration/Ice              6
   e - Freezing Cloud                 Conjuration/Ice/Air          6
   f - Simulacrum                     Ice/Necromancy               6
Miscellaneous
 U - 2 sacks of spiders
 V - a lightning rod (3/4)
Comestibles
 f - 10 bread rations


   Skills:
 + Level 13.9 Fighting
 + Level 17.9(18.0) Axes
   Level 3.2(12.5) Polearms
 + Level 0.2 Throwing
 + Level 14.5 Armour
 + Level 4.9 Dodging
 + Level 2.5 Stealth
 + Level 15.3 Shields
 + Level 0.9 Unarmed Combat
 + Level 7.9 Spellcasting
 + Level 7.9 Charms
 + Level 0.5 Summonings
 * Level 4.0 Air Magic
 + Level 4.1 Evocations


You had 26 spell levels left.
You knew the following spells:

 Your Spells              Type           Power        Failure   Level  Hunger
a - Swiftness             Chrm/Air       ###.....     11%         2    #......
b - Blink                 Tloc           N/A          80%         2    #......
c - Summon Small Mammal   Summ           #...         56%         1    None


Dungeon Overview and Level Annotations

Branches:
Dungeon (14/15)            Temple (0/1) D:7            Lair (6/6) D:9
  Swamp (0/4) Lair:3       Spider (4/4) Lair:3        Slime (0/5) Lair:6
    Orc (2/2) D:10            Elf (0/3) Orc:2
 Vaults: D:13-14

Altars:
Ashenzari
Cheibriados
Kikubaaqudgha
Makhleb
Jiyva

Shops:
D:9 =   Orc:2 *!

Portals:
Hell: Lair:6

Annotations:
D:13 exclusion: door
Lair:2 exclusion: oklob plant
Spider:2 exclusion: Roxanne, Roxanne
Spider:3 Bai Suzhen


Innate Abilities, Weirdness & Mutations

You reflexively headbutt those who attack you in melee.
You have a pair of horns on your head.


Message History

You fall into the shallow water.
Moving in this stuff is going to be slow.
You hear an angry hiss. x2
Lightning arcs down from a storm cloud!
Unknown command.
You're too confused!
Unknown command.
The redback bites you!
* * * LOW HITPOINT WARNING * * *
Unknown command.
Unknown command.
It was a potion of heal wounds.
You feel much better. The redback bites you!
* * * LOW HITPOINT WARNING * * *
Bai Suzhen breathes water at you. The torrent of water hits you!
* * * LOW HITPOINT WARNING * * *
You are knocked back by the torrent of water.
You collide with the redback!
The redback dies!
You die...

##......#...#,,*##*,,,,*,,,,*
#..#≈#.≈#...#,##.##,,,,***,**
##.^#≈≈#≈...###.^.#**,,* ***
###...≈..#...#...#......*
#....≈#..#..##†.##*.....*
#..^#≈≈≈...##..†# *,..##*
#..#≈..≈#..#.≈.## **,$#
#..#....≈...s≈≈# ***#
#.......#≈#..@>#
#.........≈≈#≈##
#.^..###..≈≈≈≈##
#..###...≈##§§§# #####
#####....≈#≈≈D#######≈≈≈##
#..###≈≈#§§###≈≈#≈≈≈≈≈#
##d.#≈≈##§≈##≈≈≈≈≈#≈≈≈##
###..#≈≈####≈≈≈≈#≈≈≈≈#≈≈≈##
##.^..≈≈≈# ##≈;###≈≈##≈≈≈.###


You could see Bai Suzhen and a tarantella.

Vanquished Creatures
  Nikola (Spider:2)
  Jorgrun (Spider:2)
  An Ice Fiend (IceCv)
  Donald (Spider:3)
  Agnes (Spider:2)
  The ghost of equalderp2856 the Severer, a journeyman MiFi (Orc:2)
  2 orc warlords (Orc:1)
  A ghost moth (Spider:1)
  Louise (Spider:2)
  An emperor scorpion (Spider:3)
  2 entropy weavers
  A spark wasp (Spider:2)
  2 dire elephants
  An ettin (Orc:2)
  Snorg (Lair:6)
  Josephine (Lair:5)
  Harold (D:10)
  8 hydras
  A catoblepas (D:14)
  An ice dragon (Spider:3)
  7 two-headed ogres
  12 death yaks
  A tengu warrior (D:14)
  2 orc high priests
  Urug (Lair:3)
  A deep elf knight (D:13)
  3 skeletal warriors (D:13)
  3 unseen horrors (D:13)
  4 wizards
  A lindwurm (Lair:6)
  3 oklob plants (Lair:6)
  A wolf spider zombie (D:12)
  2 deep elf magi
  4 orc sorcerers
  6 orc knights
  19 orb spiders
  2 ugly things
  19 wolf spiders
  3 cyclopes
  A moth of wrath (Spider:3)
  2 manticores
  5 elephants (Lair:6)
  Maurice (D:8)
  A rust devil (Orc:2)
  4 torpor snails
  A centaur zombie (D:11)
  4 black mambas
  An ice statue (IceCv)
  3 gargoyles
  10 spiny frogs
  2 orange demons
  11 komodo dragons
  A spiny frog (shapeshifter) (D:13)
  3 centaur skeletons (D:11)
  A redback zombie (D:14)
  5 rime drakes
  10 demonic crawlers
  9 anaconda simulacra (IceCv)
  3 freezing wraiths (IceCv)
  A komodo dragon (shapeshifter) (D:14)
  9 ice devils
  A red devil (Orc:2)
  2 hellwings
  A harpy zombie (D:14)
  A golden dragon simulacrum (IceCv)
  41 jumping spiders
  2 polar bears
  10 trolls
  A hornet (Spider:4)
  Prince Ribbit (D:9)
  10 blink frogs
  Grinder (D:5)
  7 slime creatures
  4 dream sheep (Lair:5)
  7 hippogriffs
  5 dire elephant simulacra (IceCv)
  2 shadows
  77 redbacks
  30 tarantellas
  2 vampires
  4 wyverns
  A ynoxinul (Orc:2)
  A fire bat (shapeshifter) (D:13)
  Eustachio (D:6)
  6 wraiths
  6 vampire mosquitoes (Lair:3)
  5 basilisks
  A hungry ghost (D:11)
  54 yaks
  A chaos spawn (Orc:2)
  A death yak simulacrum (IceCv)
  A harpy simulacrum (IceCv)
  A warg (Orc:1)
  An iron troll simulacrum (IceCv)
  A soldier ant (D:14)
  10 porcupines
  5 hell hounds (Lair:6)
  An acid dragon (D:13)
  16 water moccasins
  42 orc warriors
  An eye of draining (D:13)
  2 black bears (D:11)
  6 ice beasts
  2 ettin simulacra (IceCv)
  A sky beast (D:8)
  2 phantoms
  4 centaurs
  14 wolves
  13 ogres
  15 crocodiles
  6 big kobolds
  Blork the orc (D:6)
  26 bullfrogs
  A gnoll sergeant (D:5)
  A wyvern skeleton (D:11)
  2 scorpions
  A water moccasin skeleton (D:5)
  6 killer bees (D:10)
  A swamp dragon simulacrum (IceCv)
  4 wights
  3 electric eels
  3 howler monkeys
  7 crimson imps
  2 draconian simulacra (IceCv)
  3 quasits
  34 orc priests
  7 hounds
  13 jellies
  23 orc wizards
  Jessica (D:3)
  3 bullfrog skeletons
  Ijyb (D:5)
  4 iguanas
  A spriggan simulacrum (IceCv)
  9 worker ants
  A polar bear simulacrum (IceCv)
  3 troll simulacra (IceCv)
  A centaur simulacrum (IceCv)
  9 gnolls (D:5)
  2 naga simulacra (IceCv)
  3 ogre simulacra (IceCv)
  13 adders
  A river rat (Sewer)
  10 shadow imps
  5 white imps (IceCv)
  8 ufetubi (IceCv)
  11 oozes
  An adder skeleton (D:9)
  An adder zombie (D:6)
  3 worms (D:3)
  2 dart slugs
  A leopard gecko (D:11)
  117 orcs
  8 giant cockroaches
  8 goblins
  4 hobgoblins
  9 jackals
  6 quokkas
  3 ball pythons
  3 bats
  5 frilled lizards
  A jackal skeleton (D:4)
  28 kobolds
  A leopard gecko skeleton (D:6)
  2 quokka skeletons
  A quokka zombie (D:8)
  13 rats
  11 fungi
  4 plants
1098 creatures vanquished.

Vanquished Creatures (others)
  An unseen horror (D:14)
  An orb spider (Spider:2)
  A jumping spider (Spider:2)
  5 redbacks
  A tarantella (Spider:4)
  A white imp (IceCv)
  A bush (Lair:5)
  31 fungi
  20 plants
62 creatures vanquished.

Grand Total: 1160 creatures vanquished

Notes
Turn   | Place    | Note
-------+----------+-------------------------------------------
     0 | D:1      | equalderp2856 the Minotaur Fighter began the quest for the Orb.
     0 | D:1      | Reached XP level 1. HP: 19/19 MP: 0/0
    74 | D:1      | HP: 1/20 [goblin (2)]
    74 | D:1      | Reached XP level 2. HP: 2/27 MP: 1/1
   408 | D:1      | Reached skill level 3 in Axes
   557 | D:1      | Reached XP level 3. HP: 24/33 MP: 2/2
  1185 | D:3      | Found a glowing drain.
  1211 | D:3      | Reached XP level 4. HP: 38/41 MP: 3/3
  1234 | Sewer    | Entered a sewer
  1435 | Sewer    | Reached skill level 4 in Axes
  1611 | Sewer    | Noticed a big kobold
  1612 | Sewer    | Noticed a big kobold
  1622 | Sewer    | Killed a big kobold
  1622 | Sewer    | Reached skill level 5 in Axes
  1622 | Sewer    | Reached XP level 5. HP: 47/47 MP: 4/4
  1629 | Sewer    | Reached skill level 1 in Dodging
  1745 | Sewer    | Reached XP level 6. HP: 50/55 MP: 5/5
  1797 | D:3      | Reached skill level 6 in Axes
  1889 | D:3      | Reached skill level 5 in Fighting
  2126 | D:3      | Noticed Jessica
  2132 | D:3      | Killed Jessica
  2136 | D:3      | Identified Jessica's Catalogue of Protection
  2155 | D:3      | Learned a level 2 spell: Swiftness
  3208 | D:5      | Entered Level 5 of the Dungeon
  3264 | D:5      | Reached XP level 7. HP: 57/61 MP: 6/6
  3272 | D:5      | Reached skill level 5 in Shields
  3596 | D:5      | Reached skill level 7 in Axes
  3697 | D:5      | Reached skill level 5 in Armour
  3697 | D:5      | Reached skill level 1 in Spellcasting
  3839 | D:5      | Reached skill level 1 in Charms
  4075 | D:5      | Noticed Ijyb
  4348 | D:6      | Reached XP level 8. HP: 69/69 MP: 9/9
  4349 | D:6      | Noticed Eustachio
  4394 | D:6      | Killed Eustachio
  4475 | D:6      | Reached skill level 8 in Axes
  4632 | D:6      | Noticed Blork the orc
  4646 | D:6      | Killed Blork the orc
  5031 | D:7      | Noticed a hippogriff
  5050 | D:7      | Killed a hippogriff
  5050 | D:7      | Reached XP level 9. HP: 30/75 MP: 2/11
  5287 | D:7      | Found a staircase to the Ecumenical Temple.
  5469 | D:7      | Reached skill level 9 in Axes
  5581 | D:8      | Noticed Maurice
  5601 | D:7      | Reached skill level 1 in Stealth
  6365 | D:5      | Killed Ijyb
  6563 | D:5      | Noticed Grinder
  6565 | D:5      | Paralysed by Grinder for 5 turns
  6576 | D:5      | Paralysed by Grinder for 4 turns
  6754 | D:5      | Killed Grinder
  7615 | D:8      | Reached skill level 10 in Axes
  8030 | D:8      | Killed Maurice
  8030 | D:8      | Reached XP level 10. HP: 84/84 MP: 13/13
  8370 | D:9      | Found Amneo's Jewellery Boutique.
  8431 | D:9      | Found a staircase to the Lair.
  8630 | D:9      | Noticed Prince Ribbit
  8672 | D:9      | Killed Prince Ribbit
  8674 | D:9      | Noticed a two-headed ogre
  8691 | D:9      | Killed a two-headed ogre
  8717 | D:9      | Noticed a two-headed ogre
  9119 | Lair:1   | Entered Level 1 of the Lair of Beasts
  9119 | Lair:1   | Noticed a spiny frog
  9573 | D:9      | Killed a spiny frog
  9918 | Lair:1   | Noticed a spiny frog
  9924 | Lair:1   | Reached skill level 11 in Axes
  9927 | Lair:1   | Killed a spiny frog
 10629 | Lair:1   | Reached XP level 11. HP: 88/94 MP: 13/15
 11618 | Lair:2   | Reached skill level 12 in Axes
 11787 | Lair:2   | Noticed an oklob plant
 13924 | Lair:3   | Noticed a four-headed hydra
 13952 | Lair:3   | Killed a four-headed hydra
 13952 | Lair:3   | Reached skill level 10 in Shields
 14204 | Lair:3   | Found a staircase to the Swamp.
 14421 | Lair:3   | Reached XP level 12. HP: 99/103 MP: 15/17
 14556 | Lair:3   | Reached skill level 5 in Charms
 14839 | Lair:3   | Found a hole to the Spider Nest.
 15231 | Lair:3   | Reached skill level 13 in Axes
 15371 | Lair:4   | Noticed a five-headed hydra
 15382 | Lair:4   | Killed a five-headed hydra
 15400 | Lair:4   | Noticed Urug
 15811 | Lair:3   | Killed Urug
 16115 | Lair:4   | Reached skill level 1 in Evocations
 16217 | Lair:4   | Reached skill level 10 in Armour
 16795 | Lair:5   | Reached skill level 5 in Spellcasting
 16844 | Lair:5   | Noticed an eight-headed hydra
 16858 | Lair:5   | Noticed a death yak
 16858 | Lair:5   | Noticed a death yak
 16859 | Lair:5   | Noticed a death yak
 16860 | Lair:5   | Noticed a death yak
 16860 | Lair:5   | Noticed a death yak
 16861 | Lair:5   | Noticed a death yak
 16912 | Lair:4   | Killed a death yak
 17655 | Lair:4   | HP: 2/104 [death yak (15)]
 18112 | Lair:3   | Reached skill level 14 in Axes
 18330 | Lair:4   | Killed a death yak
 18620 | Lair:4   | Killed a death yak
 18627 | Lair:4   | Killed a death yak
 18870 | Lair:5   | Reached XP level 13. HP: 112/112 MP: 20/20
 18911 | Lair:5   | Noticed Josephine
 18930 | Lair:5   | Killed Josephine
 19402 | Lair:5   | Reached skill level 1 in Polearms
 19576 | Lair:5   | Reached skill level 10 in Fighting
 20471 | Lair:6   | Entered Level 6 of the Lair of Beasts
 20532 | Lair:6   | Noticed Snorg
 21095 | Lair:6   | Found a staircase to the Slime Pits.
 21218 | Lair:6   | Reached skill level 15 in Axes
 21410 | Lair:6   | Killed Snorg
 21599 | Lair:6   | Noticed a dire elephant
 22229 | Lair:6   | Killed a dire elephant
 22229 | Lair:6   | Reached XP level 14. HP: 93/122 MP: 17/22
 22337 | Lair:6   | Found a snail-covered altar of Cheibriados.
 23706 | Lair:6   | Paralysed by a wizard for 4 turns
 24498 | Lair:6   | Found a burning altar of Makhleb.
 24503 | Lair:6   | Found a gateway to Hell.
 26693 | D:10     | Entered Level 10 of the Dungeon
 26981 | D:10     | Found a staircase to the Orcish Mines.
 27171 | D:10     | Learned a level 2 spell: Blink
 27238 | D:11     | Found a viscous altar of Jiyva.
 27551 | D:11     | Identified Vukhexus's Compendium of the Destructive Escort
 27569 | D:11     | Identified Zirphautu's Easy Witchcraft
 27659 | D:11     | Identified a scroll of acquirement
 28506 | Orc:1    | Entered Level 1 of the Orcish Mines
 29091 | Orc:1    | Noticed an orc warlord
 29107 | Orc:1    | Reached skill level 16 in Axes
 29555 | Orc:1    | Killed an orc warlord
 29940 | Orc:2    | Entered Level 2 of the Orcish Mines
 29940 | Orc:2    | Noticed an orc warlord
 29971 | Orc:1    | Killed an orc warlord
 30898 | Orc:2    | Found a staircase to the Elven Halls.
 31098 | Orc:2    | Noticed equalderp2856's ghost (journeyman MiFi)
 32186 | Orc:2    | Found Vaokics's Distillery.
 32329 | Orc:2    | Found Sitriushruu's General Store.
 32596 | Orc:2    | Reached XP level 15. HP: 108/132 MP: 15/24
 33101 | Orc:2    | Killed equalderp2856's ghost
 33799 | Orc:2    | Learned a level 1 spell: Summon Small Mammal
 34294 | D:10     | Noticed Harold
 34339 | D:10     | Killed Harold
 35335 | D:12     | Found an ancient bone altar of Kikubaaqudgha.
 36649 | D:14     | Found a shattered altar of Ashenzari.
 38022 | Spider:1 | Entered Level 1 of the Spider Nest
 38717 | Spider:1 | Reached skill level 1 in Air Magic
 39671 | Spider:1 | Reached XP level 16. HP: 132/141 MP: 23/26
 41191 | Spider:2 | Noticed Louise
 41218 | Spider:2 | Killed Louise
 41218 | Spider:2 | Reached skill level 17 in Axes
 41549 | Spider:2 | Noticed Nikola
 41989 | Orc:2    | Bought 2 potions of resistance for 200 gold pieces
 42668 | Spider:2 | Killed Nikola
 42763 | Spider:2 | Noticed Agnes
 42810 | Spider:2 | Killed Agnes
 42952 | Spider:2 | Noticed Roxanne
 43329 | Spider:2 | Noticed Jorgrun
 43341 | Spider:2 | Killed Jorgrun
 43623 | Spider:3 | Noticed Bai Suzhen
 43723 | Spider:3 | Noticed Donald
 43735 | Spider:3 | Killed Donald
 43761 | Spider:3 | Found a frozen archway.
 43774 | IceCv    | Entered an ice cave
 45131 | IceCv    | Reached skill level 15 in Shields
 46198 | IceCv    | Noticed an Ice Fiend
 47179 | IceCv    | Killed an Ice Fiend
 49294 | Spider:3 | Reached XP level 17. HP: 147/150 MP: 27/27
 49977 | Spider:4 | Entered Level 4 of the Spider Nest
 51733 | Spider:3 | HP: 6/151 [Bai Suzhen/torrent of water (24)]
 51733 | Spider:3 | Collided with a redback

Skill      XL: |  1  2  3  4  5  6  7  8  9 10 11 12 13 14 15 16 17 |
---------------+----------------------------------------------------+-----
Fighting       | 4 5 6 7 8 9 10 11 12 13 | 13.9
Axes           | 3 5 6 7 8 10 11 12 14 15 16 17 | 17.9
Shields        | 4 5 6 8 9 10 11 12 13 15 | 15.3
Armour         | 4 5 6 7 9 10 11 12 13 14 | 14.5
Dodging        | 1 2 3 4 |  4.9
Spellcasting   | 1 2 3 4 5 6 7 |  7.9
Charms         | 1 2 3 4 5 6 7 |  7.9
Stealth        | 1 2 |  2.5
Evocations     | 1 3 4 |  4.1
Polearms       | 2 3 |  3.2
Air Magic      | 3 4 |  4.0
Throwing       | |  0.2
Unarmed Combat | |  0.9
Summonings     | |  0.5

Action                   |  1- 3 |  4- 6 |  7- 9 | 10-12 | 13-15 | 16-18 || total
-------------------------+-------+-------+-------+-------+-------+-------++-------
Melee: War axe           |    98 |   146 |   450 |   702 |  1821 |   512 ||  3729
       Headbutt          |    13 |    23 |    97 |   161 |   551 |   227 ||  1072
       Hand axe          |       |       |       |     9 |       |       ||     9
       Spear             |       |       |       |    18 |    99 |       ||   117
       Broad axe         |       |       |       |       |       |   277 ||   277
 Cast: Summon Small Mamm |       |       |       |       |    12 |       ||    12
       Swiftness         |       |       |       |       |     3 |     2 ||     5
Evoke: Wand              |       |       |     4 |     2 |    18 |    13 ||    37
       Lightning rod     |       |       |       |       |     1 |       ||     1
  Use: Scroll            |     5 |     1 |     7 |     6 |    13 |     5 ||    37
       Potion            |       |     1 |       |     1 |     2 |     8 ||    12
 Stab: Confused          |       |       |       |       |     3 |     2 ||     5
       Distracted        |       |       |       |       |       |     1 ||     1
  Eat: Chunk             |       |     5 |    11 |    20 |    27 |     6 ||    69
       Fruit             |       |     1 |     3 |     3 |     3 |     2 ||    12
       Royal jelly       |       |     1 |     1 |     6 |     7 |       ||    15
       Meat ration       |       |       |       |       |     5 |     5 ||    10
       Bread ration      |       |       |       |       |       |     1 ||     1
Armor: Scale mail        |    51 |    61 |   122 |       |       |       ||   234
       Plate armour      |       |       |    99 |   306 |   803 |   638 ||  1846
Dodge: Dodged            |    28 |    38 |   135 |   180 |   483 |   396 ||  1260
Block: Shield            |    56 |    67 |   288 |   412 |  1162 |   652 ||  2637
